Map: Ascension to Aiur LE

Players

Bly

  • Race: Zerg Zerg
  • Spawn Location: 11:00

SpeCIaL - Winner!

  • Race: Terran Terran
  • Spawn Location: 5:00

Event: WCS Jonkoping 2017

VOD

Have the link to the VOD?

Description

Time

  • Played on: June 18, 2017, 1:16 p.m.
  • Length: 8:48

All games in this series

Show
View Real Time Build Order
Export as new Build Order

Bly Zerg 

Build Orders: Pool First 

Get SALT Encoding   

  12  0:01  Drone  
  13  0:12  Overlord  
  13  0:17  Drone  
  14  0:30  Drone  
  14  0:31  Drone  
  14  0:34  Drone  
  17  0:44  Spawning Pool  
  16  0:51  Drone  
  17  0:58  Drone  
  18  1:12  Hatchery  
  17  1:22  Extractor  
  16  1:31  Zergling x6  
  19  1:33  Queen  
  21  1:45  Overlord  
  21  1:53  Drone  
  22  2:07  Drone  
  23  2:09  Queen  
  26  2:15  Drone  
  26  2:24  Metabolic Boost, Drone  
  26  2:28  Drone  
  28  2:30  Queen  
  30  2:38  Drone  
  30  2:39  Overlord  
  32  2:44  Drone x2  
  33  2:52  Drone x3  
  33  2:58  Drone  
  37  3:04  Drone  
  38  3:11  Drone  
  39  3:15  Hatchery  
  38  3:28  Queen  
  38  3:30  Zergling x6  
  38  3:31  Zergling x2  
  44  3:39  Overlord  
  44  3:52  Overlord x2  
  44  3:58  Roach Warren  
  43  4:03  Spore Crawler  
  41  4:18  Zergling x10  
  41  4:19  Zergling x4  
  46  4:29  Drone x7  
  46  4:30  Drone  
  50  4:43  Roach  
  50  4:44  Roach x2  
  56  4:46  Extractor  
  55  4:57  Roach x6  
  67  5:12  Spore Crawler x2  
  65  5:17  Overlord  
  65  5:22  Drone x4  
  65  5:23  Overlord  
  65  5:27  Drone x2  
  65  5:28  Drone  
  68  5:37  Drone  
  68  5:38  Drone x4  
  72  5:43  Drone x2  
  65  5:57  Drone x2  
  65  5:58  Drone  
  65  5:59  Drone x3  
  66  6:09  Drone  
  66  6:10  Drone x2  
  58  6:16  Drone x2  
  58  6:21  Lair  
  58  6:24  Drone x2  
  60  6:32  Drone x2  
  62  6:36  Drone  
  62  6:37  Evolution Chamber  
  62  6:40  Drone  
  62  6:41  Drone x2  
  62  6:42  Drone  
  66  6:48  Hatchery  
  66  6:50  Drone  
  66  6:51  Drone x3  
  66  6:54  Drone  
  70  6:55  Spore Crawler  
  70  6:58  Drone x2  
  70  7:08  Hatchery  
  70  7:13  Drone x2  
  71  7:16  Drone x4  
  71  7:17  Overlord  
  71  7:18  Extractor  
  71  7:19  Extractor, Drone x6  
  71  7:20  Overseer, Extractor  
  78  7:23  Roach x2  
  82  7:31  Roach x2  
  82  7:34  Roach  
  88  7:41  Extractor  
  88  7:43  Infestation Pit  
  86  7:46  Roach  
  86  7:47  Roach x2  
  92  7:57  Roach x2  
  92  7:58  Roach  
  89  8:09  Roach x2  
  87  8:23  Roach  
  87  8:24  Roach x3  
Show
View Real Time Build Order
Export as new Build Order

SpeCIaL Terran - Winner!

Build Orders: Hellion Banshee 

Get SALT Encoding   

  12  0:00  SCV  
  13  0:13  SCV  
  14  0:17  Supply Depot  
  14  0:25  SCV  
  15  0:29  Refinery  
  15  0:39  SCV  
  16  0:45  Barracks  
  16  0:51  SCV  
  17  1:03  SCV  
  18  1:15  SCV  
  20  1:33  Orbital Command, Reaper  
  20  1:43  Command Center  
  20  1:53  Factory  
  20  1:58  SCV  
  21  2:07  Barracks Reactor  
  21  2:11  SCV  
  21  2:14  Supply Depot  
  22  2:18  Refinery  
  22  2:23  SCV  
  23  2:35  SCV  
  24  2:44  Starport  
  24  2:47  SCV  
  24  2:49  Hellion  
  24  2:50  Hellion  
  29  2:52  Marine  
  29  2:56  Orbital Command  
  30  2:59  SCV  
  31  3:12  SCV  
  32  3:13  Hellion x2  
  32  3:17  Barracks Tech Lab  
  36  3:21  Medivac  
  36  3:22  SCV  
  36  3:26  SCV  
  40  3:32  Supply Depot  
  40  3:34  SCV  
  40  3:38  Hellion x2  
  45  3:42  SCV  
  46  3:54  SCV x2  
  46  3:55  Supply Depot  
  48  3:57  Cloaking Field, Banshee  
  51  4:06  SCV  
  51  4:08  SCV  
  53  4:12  Hellion  
  55  4:17  Hellion  
  55  4:18  SCV  
  55  4:20  SCV  
  57  4:24  Supply Depot  
  57  4:30  SCV  
  58  4:32  SCV  
  58  4:34  Hellion  
  61  4:38  Hellion  
  61  4:41  Armory  
  61  4:44  SCV  
  62  4:46  SCV, Banshee  
  62  4:47  Supply Depot  
  62  4:52  Supply Depot  
  66  4:57  Hellion  
  66  4:59  SCV x2  
  70  5:08  Hellion  
  70  5:09  Supply Depot  
  70  5:11  SCV  
  70  5:12  SCV  
  74  5:19  Command Center  
  74  5:24  SCV x2  
  74  5:25  Hellion  
  78  5:29  Banshee  
  78  5:30  Hellion  
  78  5:34  Terran Vehicle Weapons Level 1  
  78  5:35  Refinery  
  83  5:39  Barracks Reactor  
  83  5:42  Factory  
  83  5:45  SCV x2  
  83  5:48  Hellion  
  83  5:51  Hellion  
  85  5:57  SCV x2  
  83  6:09  SCV x2  
  83  6:10  Hellion  
  79  6:13  Hellion  
  79  6:14  Supply Depot  
  79  6:15  Refinery, Supply Depot  
  79  6:18  Medivac  
  79  6:21  SCV x2  
  81  6:31  Orbital Command  
  81  6:33  SCV x2  
  81  6:36  Cyclone  
  81  6:37  Cyclone x2, Supply Depot  
  92  6:42  Cyclone, Supply Depot  
  92  6:45  SCV  
  92  6:46  SCV  
  97  6:58  SCV x2, Factory, Orbital Command  
  99  7:10  Hellion, SCV x2  
  99  7:11  Hellion x2  
  107  7:19  Hellion  
  107  7:20  Liberator  
  107  7:22  SCV x2  
  111  7:26  Factory x2  
  111  7:32  Hellion, Refinery  
  111  7:33  SCV  
  111  7:34  SCV x2  
  111  7:35  Hellion, Refinery  
  111  7:36  Hellion  
  123  7:45  SCV  
  123  7:46  SCV x2  
  126  7:57  SCV  
  126  7:58  SCV x2  
  128  8:01  Thor  
  128  8:02  Supply Depot  
  128  8:03  Supply Depot  
  133  8:09  Hellion x2  
  133  8:10  Hellion x2  
  141  8:13  Factory Tech Lab x2  
  141  8:14  Command Center  
  141  8:17  Supply Depot x2  
Tags
 
Add a new tag
Caveats
  • Supply blocks, unpowered buildings, or Contaminate may cause inaccurate times.
  • Supply counts are checked every 10 seconds.